 Dungeon Crawl Stone Soup version 0.32-a0-872-g59262bdc9b (webtiles) character file.

Game seed: 13726321678082843131

1762 Lanoc the Skirmisher (level 9, -5/69 HPs)
             Began as a Coglin Hunter on Mar 30, 2024.
             Was a Follower of Okawaru.
             Slain by an unseen horror (9 damage)
             ... on level 5 of the Dungeon.
             The game lasted 00:07:20 (5270 turns).

Lanoc the Skirmisher (Coglin Hunter)                Turns: 5270, Time: 00:07:20

Health: -5/69      AC:  4    Str: 12    XL:     9   Next: 7%
Magic:  9/9        EV: 14    Int:  9    God:    Okawaru [*.....]
Gold:   262        SH:  0    Dex: 21    Spells: 8/8 levels left

rFire   . . .        a - +2 sling {Kagemori}
rCold   . . .        d - +0 sling {Thoko}
rNeg    . . .        c - +0 leather armour
rPois   .            (no helmet)
rElec   .            (no cloak)
rCorr   .            (no gloves)
SInv    .            n - +0 pair of boots
Will    .....        (amulet unavailable)
Stlth   ++           (ring unavailable)
HPRegen 0.31/turn    (ring unavailable)
MPRegen 0.11/turn    (no gizmo)

%: no passive effects
@: no status effects
A: off-hand wielding, slow wielding, warmup strikes, no jewellery
a: Invent Gizmo, Renounce Religion, Heroism


You were on level 5 of the Dungeon.
You worshipped Okawaru.
Okawaru was aware of your devotion.
You visited 2 branches of the dungeon, and saw 6 of its levels.
You also visited: Sewer.

You collected 262 gold pieces.

Inventory:

Hand Weapons
 a - a +2 sling (weapon) {Kagemori}
 d - a +0 sling (offhand) {Thoko}
Missiles
 i - 6 curare-tipped darts
Armour
 c - a +0 leather armour (worn)
 n - a +0 pair of boots (worn)
Scrolls
 b - a scroll of butterflies
 h - 3 scrolls of fear {unknown}
 l - 2 scrolls of torment
 m - 3 scrolls of poison
 q - a scroll of brand weapon {unknown}
 r - a scroll of revelation
 s - a scroll of enchant weapon
Potions
 e - 2 potions of cancellation {unknown}
 f - a potion of magic {unknown}
 g - a potion of enlightenment {unknown}
 j - a potion of heal wounds
 k - a potion of brilliance {unknown}
 o - 2 potions of ambrosia {unknown}
 p - a potion of attraction


   Skills:
 + Level 6.0 Fighting
 * Level 8.3 Ranged Weapons
 + Level 5.3 Dodging
 - Level 0.7 Stealth


You had 8 spell levels left.
You didn't know any spells.
Your spell library contained the following spells:

 Spells                   Type           Power      Damage    Failure   Level
 Mercury Vapours          Alch/Air       0%         N/A       61%         2
 Mephitic Cloud           Conj/Alch/Air  0%         N/A       83%         3
 Freezing Cloud           Conj/Ice/Air   0%         6-21      100%        5


Dungeon Overview and Level Annotations

Branches:
Dungeon (5/15)             Temple (1/1) D:5           Sewer (visited)

Altars:
Ashenzari
Cheibriados
Elyvilon
Fedhas
Gozag
Hepliaklqana
Kikubaaqudgha
Nemelex Xobeh
Okawaru
Qazlal
Ru
Uskayaw
Vehumet
Wu Jian
Yredelemnul
The Shining One


Innate Abilities, Weirdness & Mutations

You can wield a second weapon in your off-hand.
It takes a long time for you to wield or remove held weapons.
Your first few attacks do less damage.
You cannot equip rings or amulets.


Message History

You shoot a sling bullet. x2; Something hits you!
Something hits you.
You shoot a sling bullet. x2; Something hits you.
You hear a splashing noise.
You shoot a sling bullet. x2; Something hits you.
Something hits you!
* * * LOW HITPOINT WARNING * * *
You shoot a sling bullet. x2; Something hits you!
* * * LOW HITPOINT WARNING * * *
You feel much better. Something hits you!
You enter the shallow water.
Moving in this stuff is going to be slow.
Something hits you!
* * * LOW HITPOINT WARNING * * *
Something hits you!
* * * LOW HITPOINT WARNING * * *
Something hits you.
* * * LOW HITPOINT WARNING * * *
Something hits you.
* * * LOW HITPOINT WARNING * * *
Something hits you but does no damage.
You feel much better. Something hits you but does no damage.
Something completely misses you.
You shoot a sling bullet. x2; Something hits you but does no damage.
Something barely misses you.
You shoot a sling bullet. x2; Something hits you.
You shoot a sling bullet. x2; Something hits you.
You shoot a sling bullet. x2; Something hits you!
* * * LOW HITPOINT WARNING * * *
You shoot a sling bullet. x2
You hear a splashing noise.
You shoot a sling bullet. x2
You hear a splashing noise. x2
You shoot a sling bullet. x2
You hear a splashing noise.
Something hits you!
* * * LOW HITPOINT WARNING * * *
You shoot a sling bullet. x2; Something hits you but does no damage.
You shoot a sling bullet. x2; Something hits you.
* * * LOW HITPOINT WARNING * * *
You shoot a sling bullet. x2; Something hits you!
You die...

.# #.###################
##..
.###.###~~~~~...##.....#
##.
...#.##~########~#####.#
#. .#.###.##≈)~P. ##~#
#.# #. .#.# #.#≈≈..P.
#~# #.# #. ##.#
#.#≈?$... #.# #.# #. #.#
#~#SS.~P. +#.# #.### #.
#.###~##≈~... #..# #...#
####[
##.##~##########@##
####.# #....
#..#)##≈?... #~{#
##.##.####.##.
...#.#≈≈!PP.
#~####........#....
...#.#≈.~P..
#~#................
...#.#SS$~P.
#.####.....÷....##.
#.##)##≈~$~. ..
##.##.##...##.
#.#...########.#
#.##.##...##. #....##
#...## #.##.##...##.
#.#### ##'##
#<...........


There were no monsters in sight!

Vanquished Creatures
  Grinder (D:5)
  Menkaure (D:5)
  2 ogres
  5 kobold brigands (Sewer)
  4 scorpions (D:5)
  A wight (D:5)
  A bombardier beetle (D:3)
  2 hounds (D:5)
  A jelly (D:4)
  5 iguanas
  Terence (D:3)
  2 orc wizards
  9 adders
  4 river rats
  2 white imps (D:5)
  6 ribbon worms
  3 dart slugs
  7 orcs
  19 ball pythons
  4 bats (D:1)
  10 endoplasms
  6 giant cockroaches
  6 goblins
  6 hobgoblins
  2 jackals (D:3)
  7 quokkas
  4 frilled lizards
  11 kobolds
  11 rats
  A butterfly (D:5)
144 creatures vanquished.

Vanquished Creatures (others)
  A phantom (D:5)
1 creature vanquished.

Grand Total: 145 creatures vanquished

Notes
Turn   | Place    | Note
-------+----------+-------------------------------------------
     0 | D:1      | Lanoc the Coglin Hunter began the quest for the Orb.
     0 | D:1      | Reached XP level 1. HP: 16/16 MP: 1/1
   182 | D:1      | Reached XP level 2. HP: 22/22 MP: 2/2
   312 | D:1      | Reached skill level 4 in Ranged Weapons
   454 | D:1      | Reached XP level 3. HP: 28/28 MP: 3/3
  1028 | D:2      | Found a faded altar of an unknown god.
  1352 | D:3      | Noticed Terence
  1356 | D:3      | Killed Terence
  1357 | D:3      | Reached XP level 4. HP: 26/34 MP: 4/4
  1464 | D:3      | Reached XP level 5. HP: 37/41 MP: 5/5
  1687 | D:3      | Reached skill level 5 in Ranged Weapons
  1730 | D:3      | Found a glowing drain.
  1740 | Sewer    | Entered a sewer
  1866 | Sewer    | Noticed a kobold brigand
  1878 | Sewer    | Killed a kobold brigand
  1879 | Sewer    | Reached XP level 6. HP: 23/47 MP: 6/6
  2250 | Sewer    | Reached skill level 6 in Ranged Weapons
  2250 | Sewer    | Reached XP level 7. HP: 48/54 MP: 7/7
  2753 | D:3      | Found a white marble altar of Elyvilon.
  3408 | D:4      | Found a snail-covered altar of Cheibriados.
  3446 | D:4      | Reached XP level 8. HP: 50/61 MP: 8/8
  3616 | D:5      | Entered Level 5 of the Dungeon
  3658 | D:5      | Reached skill level 7 in Ranged Weapons
  3663 | D:5      | Reached skill level 5 in Fighting
  3938 | D:5      | Found a staircase to the Ecumenical Temple.
  3945 | Temple   | Entered the Ecumenical Temple
  3958 | Temple   | Became a worshipper of Warmaster Okawaru
  3976 | D:5      | Noticed Grinder
  3992 | D:5      | Killed Grinder
  4063 | D:5      | Found a stormy altar of Qazlal.
  4077 | D:5      | Reached skill level 5 in Dodging
  4317 | D:5      | Reached * piety under Okawaru
  4533 | D:5      | Found a blossoming altar of Fedhas.
  4761 | D:5      | Noticed Menkaure
  4766 | D:5      | Killed Menkaure
  4767 | D:5      | Reached skill level 8 in Ranged Weapons
  4767 | D:5      | Reached XP level 9. HP: 34/69 MP: 9/9
  4931 | D:5      | Found a sparkling altar of Nemelex Xobeh.
  5270 | D:5      | Slain by an unseen horror

Illustrated notes

Levels and vault maps discovered:
D:1:      tarquinn_simple_flora_water_f, layout_loops_corners
D:2:      layout_rooms, nicolae_ecumenical_snake_handling, minmay_tetromino_i2
D:3:      layout_basic, elyvilon_altar_1, lightli_sewer_entry_pipes,
          minmay_misc_feat_pillars, uniq_terence
D:4:      layout_loops_ring, mainiacjoe_overflow_tiny_flanked
D:5:      cheibrodos_two_vegetables, layout_loops_corners,
          grunt_temple_overflow_forces_of_nature,
          nicolae_overflow_hidden_temple, minmay_temple_entry_butterflies,
          amcnicky_mini_pool_medium, uniq_grinder, uniq_menkaure
Temple:   jpeg_temple_clearing

Skill      XL: |  1  2  3  4  5  6  7  8  9 |
---------------+----------------------------+-----
Dodging        | 2 3 4 5 |  5.3
Ranged Weapons | 4 5 6 8 |  8.3
Fighting       | 3 4 5 6 |  6.0
Stealth        | |  0.7

Action                     |  1- 3 |  4- 6 |  7- 9 || total
---------------------------+-------+-------+-------++-------
   Fire: Sling             |   170 |   212 |   492 ||   874
    Use: Scroll            |       |     6 |     3 ||     9
         Potion            |       |       |     2 ||     2
 Armour: Leather armour    |     4 |    10 |    75 ||    89
  Dodge: Dodged            |    10 |    26 |    37 ||    73

Table legend: (Time is in decaauts)
 A = Elapsed time spent in this place.
 B = Non-inter-level travel time spent in this place.
 C = Inter-level travel time spent in this place.
 D = Time resting spent in this place.
 E = Time spent auto-exploring this place.
 F = Levels seen in this place.
 G = Mean time per level.
                   A        B        C        D        E       F      G
               +--------+--------+--------+--------+--------+-----+--------+
         Total |   5552 |   5436 |    116 |     25 |   4346 |   7 |  793.1 |
       Dungeon |   4527 |   4421 |    106 |     25 |   3541 |   5 |  905.4 |
        Temple |     24 |     14 |     10 |      0 |      0 |   1 |   24.0 |
         Sewer |    999 |    999 |      0 |      0 |    805 |   1 |  999.0 |
               +--------+--------+--------+--------+--------+-----+--------+

Top non-repeatable levels by time:
     D:5: 1646 daAuts
   Sewer: 999 daAuts
     D:1: 974 daAuts
     D:3: 816 daAuts
     D:4: 693 daAuts
     D:2: 397 daAuts
  Temple: 24 daAuts
